AoeStats
← DKing

Lombardia

509965516Analyzed
4v4 RM · 3d ago on Sep 28, 2026· 90m 6s· 8 players
Game mode
Random Map
Map size
Large (8 player)
Population
200
Speed
Normal
Resources
Standard
Victory
Conquest
Starting age
Dark Age
Ending age
Imperial Age
RankedLock teamsTeams togetherTeam positionsShared explorationLock speedFull tech treeHidden civsTurbo modeCheats
Victory
Defeat
🇺🇸 Magyars · United States
1411
+12
🇲🇽 Tatars · Mexico
1410
+12
🇷🇺 Vikings · Russia
1376
+14
🇵🇱 Varangians · Poland
1235
+20
🇵🇹 Maya · Portugal
1407
-18
🇨🇳 Franks · China
1325
-14
🇵🇹 Hindustanis · Portugal
1292
-13
🇷🇺 Vikings · Russia
1277
-13
gr0ss
10:27 Feudal Age
10:53 Double-Bit Axe
11:15 Horse Collar
17:32 Castle Age
18:36 Bow Saw
18:27 Heavy Plow
24:55 Forging
24:46 Scale Mail Armor
25:21 Loom
25:49 Squires
26:14 Gold Mining
26:15 Stone Mining
28:36 Chain Mail Armor
28:56 Iron Casting
28:31 Fletching
32:24 Imperial Age
30:34 Chieftains
31:35 Arson
32:35 Gold Shaft Mining
32:18 Town Watch
33:38 Conscription
33:52 Plate Mail Armor
34:23 Blast Furnace
34:10 Bodkin Arrow
33:47 Elite Varangian Guard
35:34 Crop Rotation
36:11 Two-Man Saw
36:49 Treadmill Crane
37:14 Bracer
37:14 Padded Archer Armor
37:19 Bogsveigar
38:01 Ballistics
37:53 Masonry
37:39 Murder Holes
38:53 Crossbowman
39:59 Leather Archer Armor
39:56 Arbalester
41:12 Ring Archer Armor
40:48 Elite Skirmisher
44:16 Chemistry
43:31 Siege Engineers
51:00 Caravan
53:26 Pikeman
pmpc
6:58 Loom
9:38 Feudal Age
10:12 Double-Bit Axe
12:57 Horse Collar
14:40 Wheelbarrow
18:50 Castle Age
17:56 Gold Mining
19:01 Crossbowman
19:33 Fletching
20:05 Bow Saw
21:02 Bodkin Arrow
23:07 Town Watch
24:06 Ballistics
28:52 Hand Cart
29:01 Padded Archer Armor
30:23 Heavy Plow
30:42 Leather Archer Armor
30:29 Stone Mining
35:40 Imperial Age
33:19 Thumb Ring
35:02 Town Patrol
36:20 Bracer
36:43 Conscription
35:50 Arbalester
37:53 Chemistry
38:17 Ring Archer Armor
38:43 Hul'che Javelineers
38:08 Elite Skirmisher
42:40 Capped Ram
44:40 Two-Man Saw
43:31 Siege Ram
46:54 Treadmill Crane
47:25 Masonry
48:04 Crop Rotation
48:29 Hoardings
48:57 Architecture
49:30 Murder Holes
49:30 Guard Tower
50:57 Caravan
51:07 Guilds
51:38 Scale Mail Armor
51:48 Forging
52:17 Keep
51:53 Fortified Wall
52:18 Fervor
55:49 Squires
55:10 Pikeman
56:53 Chain Mail Armor
57:14 Iron Casting
57:36 Halberdier
58:50 Plate Mail Armor
61:10 Blast Furnace
60:48 Arson
63:27 Sappers
65:18 Eagle Warrior
66:38 Holcans
66:21 Elite Eagle Warrior
DKing
4:38 Loom
11:28 Feudal Age
16:24 Castle Age
14:35 Double-Bit Axe
15:51 Horse Collar
22:14 Wheelbarrow
22:59 Bow Saw
23:43 Heavy Plow
25:27 Town Watch
26:57 Hand Cart
28:56 Scale Barding Armor
29:02 Forging
29:03 Bloodlines
28:53 Husbandry
28:14 Light Cavalry
29:41 Gold Mining
35:56 Imperial Age
35:40 Chain Barding Armor
36:55 Iron Casting
36:06 Heavy Camel Rider
37:10 Conscription
38:02 Plate Barding Armor
37:18 Hussar
38:32 Fletching
40:05 Chemistry
39:16 Fortified Wall
39:27 Ballistics
39:03 Murder Holes
40:52 Hoardings
41:56 Blast Furnace
41:37 Padded Archer Armor
41:43 Caravan
42:30 Bodkin Arrow
42:40 Imperial Camel Rider
43:22 Scale Mail Armor
43:56 Elite Skirmisher
48:44 Two-Man Saw
49:33 Leather Archer Armor
49:34 Chain Mail Armor
52:12 Ring Archer Armor
54:29 Bracer
54:43 Siege Engineers
54:48 Masonry
55:50 Shatagni
55:50 Grand Trunk Road
57:22 Siege Elephant
班长
2:00 Loom
10:51 Feudal Age
12:54 Scale Barding Armor
13:01 Forging
12:47 Double-Bit Axe
20:53 Castle Age
22:06 Chain Barding Armor
22:22 Iron Casting
21:49 Husbandry
22:08 Gold Mining
23:48 Bow Saw
24:50 Gold Shaft Mining
30:16 Stone Mining
31:04 Wheelbarrow
37:44 Imperial Age
35:40 Masonry
35:42 Fortified Wall
36:45 Treadmill Crane
38:20 Hand Cart
37:50 Town Watch
38:06 Murder Holes
38:02 Guard Tower
37:54 Cavalier
38:58 Conscription
39:16 Plate Barding Armor
39:42 Blast Furnace
39:55 Paladin
41:36 Coinage
41:06 Caravan
45:13 Banking
47:44 Architecture
47:35 Ballistics
48:29 Chemistry
47:33 Light Cavalry
48:48 Fletching
53:37 Chivalry
55:03 Bodkin Arrow
65:44 Pikeman
66:24 Squires
66:10 Arson
66:27 Scale Mail Armor
67:04 Halberdier
68:04 Chain Mail Armor
67:51 Padded Archer Armor
Firkrag
8:46 Loom
11:06 Feudal Age
12:38 Double-Bit Axe
12:39 Horse Collar
15:40 Castle Age
16:57 Bow Saw
21:23 Gold Mining
24:58 Bloodlines
24:56 Scale Barding Armor
27:19 Chain Barding Armor
30:40 Town Watch
36:00 Imperial Age
34:25 Forging
34:05 Fletching
37:31 Wheelbarrow
39:54 Conscription
38:55 Elite Jarl
40:44 Caravan
41:42 Plate Barding Armor
41:43 Iron Casting
49:33 Ballistics
50:14 Chemistry
49:25 Masonry
49:40 Hand Cart
49:26 Town Patrol
52:19 Siege Engineers
53:31 Blast Furnace
52:27 Bodkin Arrow
52:36 Heavy Plow
53:39 Two-Man Saw
56:18 Crop Rotation
56:58 Bracer
57:32 Architecture
89:38 Spies/Treason
Welldone
4:18 Loom
10:21 Feudal Age
16:06 Double-Bit Axe
18:43 Castle Age
17:23 Stone Mining
17:24 Horse Collar
19:40 Heavy Plow
23:36 Scale Mail Armor
24:38 Chain Mail Armor
24:39 Squires
25:07 Forging
32:18 Fortified Wall
32:42 Gold Mining
37:43 Imperial Age
35:09 Crossbowman
35:31 Elite Skirmisher
36:07 Fletching
36:17 Padded Archer Armor
38:38 Ballistics
38:20 Bodkin Arrow
38:41 Leather Archer Armor
40:51 Chemistry
39:57 Bracer
40:28 Guard Tower
42:19 Arbalester
43:37 Conscription
43:18 Bogsveigar
43:19 Chieftains
43:26 Bogsveigar
44:40 Bow Saw
45:14 Elite Varangian Guard
46:40 Ring Archer Armor
45:49 Pikeman
49:27 Gold Shaft Mining
49:26 Plate Mail Armor
49:31 Iron Casting
50:16 Arson
51:33 Capped Ram
57:41 Siege Ram
61:17 Blast Furnace
89:05 Two-Man Saw
90:41 Hoardings
NNNNNB
7:01 Loom
10:17 Feudal Age
11:11 Double-Bit Axe
12:18 Horse Collar
21:38 Castle Age
20:31 Gold Mining
21:21 Fletching
22:45 Husbandry
22:47 Bodkin Arrow
23:15 Bow Saw
24:14 Wheelbarrow
23:54 Padded Archer Armor
25:12 Town Watch
26:10 Thumb Ring
27:51 Ballistics
28:49 Heavy Plow
29:40 Gold Shaft Mining
31:24 Bloodlines
33:13 Gold Shaft Mining
33:27 Hand Cart
36:26 Caravan
39:36 Imperial Age
38:14 Leather Archer Armor
40:19 Bracer
40:23 Recurve Bow
41:08 Ring Archer Armor
41:45 Chemistry
41:49 Parthian Tactics
42:07 Conscription
41:28 Heavy Cavalry Archer
44:30 Two-Man Saw
44:03 Crop Rotation
45:00 Pikeman
52:47 Conscription
52:51 Corvinian Army
53:08 Scale Barding Armor
53:26 Elite Magyar Huszar
55:45 Chain Barding Armor
56:22 Hoardings
58:25 Plate Barding Armor
59:46 Capped Ram
88:16 Town Patrol
Leonidas
11:41 Feudal Age
12:53 Double-Bit Axe
15:49 Castle Age
13:52 Fletching
14:03 Padded Archer Armor
14:08 Horse Collar
15:29 Gold Mining
16:41 Bow Saw
17:15 Bodkin Arrow
26:17 Heavy Plow
27:55 Wheelbarrow
32:06 Imperial Age
30:47 Leather Archer Armor
32:20 Gold Mining
32:21 Stone Mining
33:19 Ballistics
32:33 Heavy Cavalry Archer
34:19 Hand Cart
35:26 Bracer
35:46 Loom
37:09 Chemistry
36:41 Bloodlines
36:31 Husbandry
38:33 Silk Armor
38:54 Conscription
39:56 Ring Archer Armor
39:55 Timurid Siegecraft
41:32 Light Cavalry
42:18 Scale Barding Armor
42:23 Forging
45:08 Chain Barding Armor
45:24 Iron Casting
44:11 Hussar
44:50 Heavy Camel Rider
46:47 Caravan
49:34 Plate Barding Armor
50:41 Fortified Wall
53:33 Heavy Camel Rider
55:29 Blast Furnace
59:10 Siege Engineers
59:17 Heavy Scorpion
60:10 Capped Ram
65:08 Siege Ram
72:15 Crop Rotation
83:54 Spies/Treason
Connection lost

Rejoining the realm…

Still unreachable

The connection could not be restored.

Session expired

The server has moved on; the page needs a fresh start.